 Dungeon Crawl Stone Soup version 0.22.1 (webtiles) character file.

132515 MeekVeins the Brawler (level 16, -5/165 HPs)
             Began as a Troll Warper on Sept 18, 2018.
             Blown up by an eye of devastation (21 damage)
             ... with a bolt of energy
             ... on level 3 of the Pits of Slime.
             The game lasted 01:25:38 (31111 turns).

MeekVeins the Brawler (Troll Warper)               Turns: 31111, Time: 01:25:39

Health: -5/165     AC:  8    Str: 26    XL:     16   Next: 57%
Magic:  18/20      EV:  6    Int: 14    God:
Gold:   3240       SH: 33    Dex:  9    Spells: 4/19 levels left

rFire    + + +     SeeInvis +     - Unarmed
rCold    + . .     Gourm    +   w - +18 shield of the Gong {rElec rN+ MR+ EV-5}
rNeg     + . .     Faith    .   k - +1 animal skin {rC+}
rPois    .         Spirit   .   (helmet restricted)
rElec    +         Reflect  +   q - +1 cloak {+Inv}
rCorr    +         Harm     .   (gloves unavailable)
MR       ++...     Clarity  +   (boots unavailable) Stlth +.........NoTele +
                                r - +4 amulet of reflection
HPRegen  0.77/turn              G - ring "Liutz" {rElec rF+ Str+3 SInv}
MPRegen  0.17/turn              W - ring "Lufuamuil" {rCorr -Tele rF+ Slay+3}

@: slightly contaminated, hasted, invisible, very quick
A: large, unfitting armour, claws 3, blink, clarity, fire resistance 1, fast
metabolism 3, gourmand, low mp 1, regeneration 1, screaming 1, shaggy fur 1,
tough skin 2
a: Blink


You were on level 3 of the Pits of Slime.
You were full.

You visited 5 branches of the dungeon, and saw 28 of its levels.
You also visited: Labyrinth, Ice Cave and Volcano.

You collected 3240 gold pieces.

Inventory:

Missiles
 J - 21 javelins of penetration (quivered)
 Z - a throwing net
Armour
 h - a +2 troll leather armour {Snorg}
 j - a scarf of repulsion
 k - a +1 animal skin of cold resistance (worn)
 q - a +1 cloak of invisibility (worn)
 w - the +18 shield of the Gong (worn) {rElec rN+ MR+ EV-5}
   (You acquired it in an ice cave)

   It affects your evasion (-5).
   It insulates you from electricity.
   It protects you from negative energy.
   It affects your resistance to hostile enchantments.
Jewellery
 c - an uncursed ring of protection from cold
 l - the ring "Ryzius" {MR- Str-3 Int+9 Slay+4 SInv}
   (You took it off a frost giant in an ice cave)

   [ring of see invisible]

   It affects your strength (-3).
   It affects your intelligence (+9).
   It affects your accuracy and damage with ranged weapons and melee attacks
   (+4).
   It affects your resistance to hostile enchantments.
   It lets you see invisible.
 m - an uncursed ring of protection from magic
 r - a +4 amulet of reflection (around neck)
 A - an uncursed amulet of rage
 G - the ring "Liutz" (left claw) {rElec rF+ Str+3 SInv}
   (You found it on level 2 of the Lair of Beasts)

   [ring of see invisible]

   It affects your strength (+3).
   It protects you from fire.
   It insulates you from electricity.
   It lets you see invisible.
 H - an uncursed ring of positive energy
 K - an uncursed ring of resist corrosion
 W - the ring "Lufuamuil" (right claw) {rCorr -Tele rF+ Slay+3}
   (You took it off a minotaur in a labyrinth)

   [ring of resist corrosion]

   It affects your accuracy and damage with ranged weapons and melee attacks
   (+3).
   It protects you from fire.
   It prevents most forms of teleportation.
Wands
 e - a wand of disintegration (23)
 y - a wand of polymorph (5)
 D - a wand of digging (31)
 E - a wand of enslavement (3)
 I - a wand of iceblast (6)
 P - a wand of paralysis (4)
 V - a wand of flame (15)
Scrolls
 b - 2 scrolls of fog
 f - a scroll of silence
 i - 3 scrolls of summoning
 n - a scroll of brand weapon
 o - a scroll of immolation
 t - 3 scrolls of enchant weapon
 u - 2 scrolls of fear
 B - 2 scrolls of blinking
 F - 8 scrolls of amnesia
 M - 2 scrolls of magic mapping
 N - 10 scrolls of remove curse
 R - a scroll of identify
 T - 5 scrolls of teleportation
 U - 5 scrolls of enchant armour
Potions
 a - 2 potions of resistance
 g - 3 potions of haste
 p - 3 potions of flight
 s - a potion of agility
 x - 2 potions of cancellation
 L - 2 potions of might
 O - 8 potions of brilliance
 Q - 8 potions of curing
 X - 2 potions of mutation {!q}
Miscellaneous
 v - a phantom mirror
 C - a lightning rod (4/4)
 Y - a lamp of fire
Comestibles
 z - 43 rations


   Skills:
 - Level 12.0 Fighting
 - Level 0.8 Throwing
 - Level 4.0 Armour
 - Level 4.0 Dodging
 - Level 9.0 Shields
 - Level 16.0 Unarmed Combat
 - Level 2.0 Spellcasting
 - Level 2.0 Charms
 - Level 5.1 Translocations
 + Level 5.4 Transmutations
 + Level 6.5 Earth Magic
 - Level 10.0 Evocations


You had 4 spell levels left.
You knew the following spells:

 Your Spells              Type           Power        Failure   Level  Hunger
a - Shroud of Golubria    Chrm/Tloc      ##........   9%          2    ###....
b - Statue Form           Tmut/Erth      ###......    97%         6    #######
g - Passage of Golubria   Tloc           N/A          28%         4    #####..
o - Apportation           Tloc           ###...       3%          1    ##.....
B - Blink                 Tloc           N/A          4%          2    ###....

Your spell library contained the following spells:

 Spells                   Type           Power        Failure   Level  Hunger
 Beastly Appendage        Tmut           ###...       2%          1    ##.....
 Sticks to Snakes         Tmut           ###.....     3%          2    ###....
 Gell's Gravitas          Tloc           ###.......   9%          3    ####...
 Lesser Beckoning         Tloc           ###.......   9%          3    ####...
 Teleport Other           Tloc           ###.....     9%          3    ####...
 Infusion                 Chrm           #...         11%         1    ##.....
 Song of Slaying          Chrm           #.......     16%         2    ###....
 Animate Skeleton         Necr           N/A          24%         1    ##.....
 Confusing Touch          Hex            #.....       24%         1    ##.....
 Corona                   Hex            #......      24%         1    ##.....
 Magic Dart               Conj           #...         24%         1    ##.....
 Shock                    Conj/Air       #...         24%         1    ##.....
 Summon Small Mammal      Summ           #...         24%         1    ##.....
 Swiftness                Chrm/Air       #.......     24%         2    ###....
 Spider Form              Tmut/Pois      #.........   24%         3    ####...
 Portal Projectile        Hex/Tloc       #.....       26%         3    ####...
 Call Imp                 Summ           #.......     34%         2    ###....
 Ensorcelled Hibernation  Hex/Ice        #.....       34%         2    ###....
 Searing Ray              Conj           #.....       34%         2    ###....
 Slow                     Hex            #.......     34%         2    ###....
 Regeneration             Chrm/Necr      #.........   43%         3    ####...
 Spectral Weapon          Hex/Chrm       #.......     43%         3    ####...
 Leda's Liquefaction      Hex/Erth       ##........   52%         4    #####..
 Confuse                  Hex            #.......     56%         3    ####...
 Conjure Flame            Conj/Fire      #.......     56%         3    ####...
 Dazzling Spray           Conj/Hex       #.....       56%         3    ####...
 Inner Flame              Hex/Fire       #.......     56%         3    ####...
 Mephitic Cloud           Conj/Pois/Air  #.......     56%         3    ####...
 Static Discharge         Conj/Air       #.......     56%         3    ####...
 Tukima's Dance           Hex            #.......     56%         3    ####...
 Ice Form                 Ice/Tmut       #.......     61%         4    #####..
 Force Lance              Conj/Tloc      #.......     63%         4    #####..
 Airstrike                Air            #.........   93%         4    #####..
 Cause Fear               Hex            #.........   93%         4    #####..
 Fulminant Prism          Conj/Hex       #.........   93%         4    #####..
 Iskenderun's Mystic Bla  Conj           #.......     93%         4    #####..
 Blade Hands              Tmut           ###.......   56%         5    ######.
 Bolt of Magma            Conj/Fire/Erth #.........   95%         5    ######.
 Lightning Bolt           Conj/Air       #.........   100%        5    ######.
 Iron Shot                Conj/Erth      ##........   100%        6    #######
 Shatter                  Erth           ###.......   100%        9    #######


Dungeon Overview and Level Annotations

Branches:
Dungeon (15/15)            Temple (1/1) D:5            Lair (6/6) D:10
  Swamp (0/4) Lair:4       Spider (0/4) Lair:4        Slime (4/5) Lair:6
    Orc (2/2) D:11            Elf (0/3) Orc:2        Vaults (0/5) D:14
 Depths (0/5) D:15

Altars:
Ashenzari
Cheibriados
Dithmenos
Elyvilon
Fedhas
Gozag
Hepliaklqana
Kikubaaqudgha
Makhleb
Nemelex Xobeh
Okawaru
Qazlal
Ru
Sif Muna
Trog
Uskayaw
Vehumet
Wu Jian
Xom
Yredelemnul
Zin
The Shining One

Shops:
D:4 :(   D:5 (((   D:14 (   Orc:2 :[*(

Portals:
Trove: D:13 (give 2 scrolls of acquirement)

Annotations:
D:3 2 runed doors, icedog's ghost, amateur HOCK
D:4 2 transporters, xpt754's ghost, amateur HuWn
Lair:1 exclusion: oklob plant
Lair:2 2 runed doors, MeekVeins's ghost, journeyman TrWr


Innate Abilities, Weirdness & Mutations

You are too large for most types of armour.
You have claws for hands.
Your metabolism is lightning-fast.
You like to eat raw meat.
Your natural rate of healing is unusually fast.
You are covered in fur. (AC +1)
You have very tough skin. (AC +2)
You can translocate small distances at will.
You possess an exceptional clarity of mind.
Your flesh is heat resistant. (rF+)
Your magical capacity is low. (-10% MP)
You occasionally shout uncontrollably at your foes.


Message History

You block the slime creature's attack.
GONNNNG!
Okay, then.
The slime creature hits you!
* * * LOW HITPOINT WARNING * * *
You feel yourself speed up. You block the slime creature's attack.
GONNNNG!
You block the very large slime creature's attack.
PTOANNNG!
You block the slime creature's attack.
SHROANNG!
Okay, then.
You fade into invisibility!
You are lightly contaminated with residual magic.
You feel quite a bit less full.
An eye of devastation comes into view.
Two slime creatures merge to form an enormous slime creature.
The eye of devastation gazes at you. The bolt of energy hits you!
You die...

#................##
##.#.........#.<..##
###...#..............##
##.##..................# #
#......................#..#
#.........................
#............JJ..........#
.....................##.#..
.#.....#.##.....@.....##..
###...........>......###.#
#...#............<..#
#...##.............#.#
##.##...###....#......#
####..###.....##.##.##
#...##.#..........#
##.##...G.........
##.#..J..........#..


You could see an enormous slime creature, a slime creature and an eye of
devastation.

Vanquished Creatures
  Rupert (D:13)
  4 acid blobs
  A frost giant (IceCv)
  3 azure jellies
  An orc warlord (Orc:2)
  Azrael (D:13)
  A minotaur (Lab)
  A dire elephant (Lair:6)
  Snorg (D:11)
  A fire dragon (Lair:5)
  Josephine (Lair:6)
  2 great orbs of eyes
  Erolcha (D:9)
  An ice dragon (Lair:6)
  Harold (D:7)
  A catoblepas (Lair:6)
  4 hydras
  8 vault guards (D:14)
  2 tengu warriors
  3 two-headed ogres
  2 orc high priests
  5 death yaks
  A fire crab (Lair:6)
  4 unseen horrors
  A flayed ghost (D:15)
  2 skeletal warriors (D:15)
  A necromancer (D:15)
  6 orc knights
  6 lindwurms
  4 orc sorcerers
  6 ugly things
  3 shining eyes (Slime:3)
  A frost giant zombie (D:15)
  3 deep elf magi
  An iron dragon zombie (D:15)
  4 oklob plants (Lair:2)
  5 elephants (Lair:5)
  4 manticores
  An ice statue (IceCv)
  Maurice (D:8)
  A fire giant skeleton (D:15)
  2 eyes of devastation
  5 black mambas
  15 spiny frogs
  A gargoyle (D:15)
  6 torpor snails (Lair:6)
  4 molten gargoyles (Volcano)
  4 rime drakes
  2 kobold demonologists
  2 efreet (Volcano)
  2 freezing wraiths
  7 centaur skeletons
  8 komodo dragons
  A tengu conjurer (D:13)
  2 ice devils (Lair:6)
  A troll (shapeshifter) (D:15)
  3 trolls
  4 tyrant leeches
  A jumping spider (Lair:4)
  15 polar bears
  38 slime creatures
  10 hornets
  15 blink frogs
  14 hippogriffs
  A deep troll zombie (D:15)
  Sigmund (D:2)
  3 wyverns
  3 hogs (D:7)
  A human (D:7)
  2 redbacks (Lair:4)
  7 fire elementals
  5 wraiths
  56 yaks
  5 basilisks
  A golden eye (Slime:3)
  4 vampire mosquitoes (D:14)
  2 hungry ghosts (D:9)
  2 wargs (Orc:1)
  Menkaure (D:7)
  An acid dragon (D:15)
  5 hell hounds (D:13)
  18 water moccasins
  4 porcupines
  Duvessa (D:5)
  9 eyes of draining
  2 sky beasts
  A swamp drake (Lair:4)
  31 orc warriors
  6 ice beasts
  12 ogres
  3 phantoms
  2 necrophages (D:9)
  6 centaurs
  13 wolves
  14 crocodiles
  22 bullfrogs
  A big kobold (D:14)
  2 earth elementals (Volcano)
  Dowan (D:5)
  5 scorpions
  A hornet simulacrum (D:12)
  5 killer bees (D:10)
  A water moccasin skeleton (D:6)
  12 wights
  4 electric eels
  8 howler monkeys
  8 crimson imps
  2 quasits
  3 centaur zombies
  2 bullfrog zombies (D:10)
  6 hounds
  16 orc priests
  20 orc wizards
  9 jellies
  8 iguanas
  18 worker ants
  A hound zombie (D:9)
  A hound skeleton (D:6)
  Robin (D:2)
  3 gnolls (Orc:1)
  A howler monkey skeleton (D:6)
  2 worker ant zombies
  15 adders
  A shadow imp (D:5)
  4 oozes
  4 adder skeletons
  3 worms
  13 dart slugs
  4 leopard geckos
  97 orcs
  A ball python (D:3)
  7 giant cockroaches
  19 goblins
  11 hobgoblins
  2 jackals (D:3)
  9 kobolds
  5 quokkas
  7 bats
  4 frilled lizards
  A jackal skeleton (D:5)
  A quokka skeleton (D:8)
  6 rats
  A bush (D:11)
  A fire vortex (Volcano)
  A plant (Lair:3)
865 creatures vanquished.

Vanquished Creatures (others)
  A cyclops (D:13)
  A yaktaur (D:14)
  2 yaks (IceCv)
  An orc warrior (Orc:2)
  A wolf (IceCv)
  8 centaurs
  2 kobolds
  14 fungi
  24 plants
  A withered plant (D:15)
55 creatures vanquished.

Grand Total: 920 creatures vanquished

Notes
Turn   | Place    | Note
-------+----------+-------------------------------------------
     0 | D:1      | MeekVeins the Troll Warper began the quest for the Orb.
     0 | D:1      | Reached XP level 1. HP: 19/19 MP: 1/1
   146 | D:1      | Reached XP level 2. HP: 17/28 MP: 2/2
   688 | D:1      | Reached skill level 3 in Unarmed Combat
  1037 | D:2      | Reached XP level 3. HP: 33/35 MP: 3/3
  1166 | D:2      | Noticed Robin
  1201 | D:2      | Killed Robin
  1201 | D:2      | Reached XP level 4. HP: 41/44 MP: 4/4
  1292 | D:2      | Found a sacrificial altar of Ru.
  1479 | D:2      | Reached skill level 4 in Unarmed Combat
  1530 | D:2      | Noticed Sigmund
  1536 | D:2      | Gained mutation: You can translocate small distances at
                  | will. [potion of mutation]
  1536 | D:2      | Gained mutation: Your flesh is heat resistant. (rF+)
                  | [potion of mutation]
  1536 | D:2      | Gained mutation: You possess an exceptional clarity of
                  | mind. [potion of mutation]
  1559 | D:2      | Killed Sigmund
  1559 | D:2      | Reached skill level 3 in Fighting
  1559 | D:2      | Reached skill level 5 in Unarmed Combat
  1559 | D:2      | Reached XP level 5. HP: 21/53 MP: 5/5
  2134 | D:3      | Reached XP level 6. HP: 55/61 MP: 6/6
  2389 | D:3      | Noticed a fire elemental
  2390 | D:3      | Found a stormy altar of Qazlal.
  2391 | D:3      | Noticed a water elemental
  2391 | D:3      | Noticed an air elemental
  2576 | D:3      | Found a runed door.
  2642 | D:3      | Noticed icedog's ghost (amateur HOCK)
  2869 | D:3      | Found a runed door.
  3072 | D:3      | Found a faded altar of an unknown god.
  3349 | D:3      | Reached skill level 6 in Unarmed Combat
  3546 | D:3      | Found a burning altar of Makhleb.
  3773 | D:4      | Reached XP level 7. HP: 55/68 MP: 7/7
  4144 | D:4      | Found Gumass's Book Emporium.
  4226 | D:4      | Found Muolezey's Weapon Emporium.
  4398 | D:4      | Found a basalt altar of Yredelemnul.
  4399 | D:4      | Found a sparkling altar of Nemelex Xobeh.
  4399 | D:4      | Found a radiant altar of Vehumet.
  4400 | D:4      | Found a shattered altar of Ashenzari.
  4402 | D:4      | Found a transporter.
  4426 | D:4      | Reached skill level 7 in Unarmed Combat
  4460 | D:4      | Found a transporter.
  4461 | D:4      | Noticed xpt754's ghost (amateur HuWn)
  4606 | D:5      | Entered Level 5 of the Dungeon
  4648 | D:5      | Found Ruixuem's Antique Weapon Shop.
  5001 | D:5      | Reached XP level 8. HP: 64/79 MP: 8/8
  5060 | D:5      | Found Ywo Esse's Weapon Shoppe.
  5144 | D:5      | Found Ysohad's Weapon Shoppe.
  5219 | D:5      | Noticed Duvessa
  5225 | D:5      | Killed Duvessa
  5225 | D:5      | Reached skill level 8 in Unarmed Combat
  5228 | D:5      | Noticed Dowan
  5243 | D:5      | Killed Dowan
  5327 | D:5      | Found a staircase to the Ecumenical Temple.
  5343 | Temple   | Entered the Ecumenical Temple
  5883 | D:6      | Reached skill level 9 in Unarmed Combat
  6179 | D:6      | Reached XP level 9. HP: 89/89 MP: 9/9
  6492 | D:6      | Reached skill level 6 in Fighting
  6492 | D:6      | Reached skill level 10 in Unarmed Combat
  7101 | D:7      | Reached skill level 11 in Unarmed Combat
  7225 | D:7      | Found a snail-covered altar of Cheibriados.
  7326 | D:7      | Noticed Harold
  7338 | D:7      | Killed Harold
  7554 | D:7      | Noticed Menkaure
  7556 | D:7      | Killed Menkaure
  7556 | D:7      | Reached XP level 10. HP: 102/102 MP: 10/10
  7734 | D:8      | Noticed Maurice
  7745 | D:8      | Killed Maurice
  7745 | D:8      | Reached skill level 12 in Unarmed Combat
  8753 | D:8      | Reached skill level 1 in Evocations
  9089 | D:9      | Learned a level 2 spell: Shroud of Golubria
  9416 | D:9      | Noticed Erolcha
  9418 | D:9      | Paralysed by a hornet for 1 turns
  9593 | D:9      | Reached skill level 3 in Evocations
  9808 | D:9      | Killed Erolcha
  9927 | D:10     | Entered Level 10 of the Dungeon
 10050 | D:10     | Reached XP level 11. HP: 60/111 MP: 13/13
 10276 | D:10     | HP: 5/111 [something (6)]
 10776 | D:10     | Found a staircase to the Lair.
 11010 | Lair:1   | Entered Level 1 of the Lair of Beasts
 11066 | Lair:1   | Reached skill level 6 in Evocations
 12006 | Lair:1   | Found a glowing silver altar of Zin.
 12006 | Lair:1   | Noticed an oklob plant
 12448 | Lair:2   | Found a labyrinth entrance.
 12466 | Lab      | Entered a labyrinth
 12532 | Lab      | Noticed a minotaur
 12950 | Lab      | Killed a minotaur
 12952 | Lab      | Got a scintillating steel ring
 13033 | Lab      | Identified the ring "Lufuamuil" {rCorr -Tele rF+ Slay+3}
                  | (You took it off a minotaur in a labyrinth)
 13224 | Lair:2   | Reached skill level 9 in Evocations
 13427 | Lair:2   | Found a large runed door.
 13427 | Lair:2   | Found a large runed door.
 13428 | Lair:2   | Noticed MeekVeins's ghost (journeyman TrWr)
 13687 | Lair:2   | Noticed an oklob plant
 13687 | Lair:2   | Noticed an oklob plant
 13687 | Lair:2   | Noticed an oklob plant
 13687 | Lair:2   | Noticed an oklob plant
 13699 | Lair:2   | Noticed a death yak
 13699 | Lair:2   | Noticed a death yak
 13715 | Lair:2   | Noticed a death yak
 13719 | Lair:2   | Killed a death yak
 13719 | Lair:2   | Noticed a death yak
 13839 | Lair:2   | Killed a death yak
 13839 | Lair:2   | Reached XP level 12. HP: 95/119 MP: 18/18
 13872 | Lair:1   | Killed a death yak
 14050 | Lair:2   | Killed a death yak
 14523 | Lair:2   | Reached skill level 1 in Charms
 14537 | Lair:2   | Got a steaming amber ring
 14560 | Lair:2   | Identified the ring "Liutz" {rElec rF+ Str+3 SInv} (You
                  | found it on level 2 of the Lair of Beasts)
 14581 | Lair:2   | Noticed an eight-headed hydra
 14587 | Lair:2   | Killed a ten-headed hydra
 15163 | Lair:3   | Reached skill level 13 in Unarmed Combat
 16165 | Lair:3   | Learned a level 2 spell: Blink
 16188 | Lair:4   | Found a hole to the Spider Nest.
 16525 | Lair:4   | Reached skill level 3 in Translocations
 16561 | Lair:4   | Reached skill level 9 in Fighting
 16786 | Lair:4   | Found a staircase to the Swamp.
 16998 | Lair:5   | Noticed a six-headed hydra
 16998 | Lair:5   | Noticed a four-headed hydra
 17187 | Lair:5   | Noticed an eight-headed hydra
 17192 | Lair:5   | Noticed a fire dragon
 17192 | Lair:5   | an eight-headed hydra changed into a fire dragon
 17199 | Lair:5   | Killed a fire dragon
 17199 | Lair:5   | Reached XP level 13. HP: 92/131 MP: 19/19
 17324 | Lair:5   | Reached skill level 14 in Unarmed Combat
 18112 | Lair:5   | Learned a level 1 spell: Apportation
 18431 | Lair:6   | Entered Level 6 of the Lair of Beasts
 18656 | Lair:6   | Noticed Josephine
 18926 | Lair:6   | Found a frozen archway.
 18946 | IceCv    | Entered an ice cave
 19224 | IceCv    | Identified a scroll of acquirement
 19225 | IceCv    | Found the +18 shield of the Gong {rElec rN+ MR+ EV-5}
 19285 | IceCv    | Reached skill level 1 in Shields
 19592 | IceCv    | Reached skill level 3 in Shields
 19697 | IceCv    | Noticed a frost giant
 19709 | IceCv    | Killed a frost giant
 19711 | IceCv    | Got a scintillating pewter ring
 19824 | IceCv    | Identified the ring "Ryzius" {MR- Str-3 Int+9 Slay+4 SInv}
                  | (You took it off a frost giant in an ice cave)
 19898 | Lair:6   | Reached XP level 14. HP: 125/144 MP: 18/20
 20245 | Lair:6   | Killed Josephine
 20245 | Lair:6   | Reached skill level 6 in Shields
 20712 | Lair:6   | Found a staircase to the Slime Pits.
 20801 | Lair:6   | Found a runed door.
 20893 | Lair:6   | Paralysed by a hornet for 2 turns
 21234 | Lair:6   | Paralysed by a hornet for 3 turns
 21670 | Lair:6   | Reached skill level 9 in Shields
 21767 | Slime:1  | Entered Level 1 of the Pits of Slime
 21769 | Slime:1  | Noticed an azure jelly
 21793 | Lair:6   | Killed an azure jelly
 22414 | D:11     | Noticed Snorg
 22437 | D:11     | Killed Snorg
 22442 | D:11     | Reached skill level 15 in Unarmed Combat
 22869 | D:11     | Found a staircase to the Orcish Mines.
 24435 | D:13     | Found a portal to a secret trove of treasure.
 24496 | D:13     | Reached XP level 15. HP: 138/153 MP: 21/21
 24790 | D:13     | Noticed Azrael
 24805 | D:13     | Killed Azrael
 24841 | D:13     | Noticed Rupert
 24860 | D:13     | Killed Rupert
 25514 | D:14     | Found a gate to the Vaults.
 25630 | D:14     | Reached skill level 16 in Unarmed Combat
 25636 | D:14     | Reached skill level 12 in Fighting
 25667 | D:14     | Reached skill level 1 in Armour
 25814 | D:14     | Found Semom's Antique Weapon Emporium.
 26058 | D:14     | Found a shadowy altar of Dithmenos.
 26258 | D:15     | Entered Level 15 of the Dungeon
 26323 | D:15     | Reached skill level 3 in Dodging
 26428 | D:15     | Found a staircase to the Depths.
 26464 | D:15     | Reached skill level 3 in Armour
 27259 | D:15     | Found a deep blue altar of Sif Muna.
 27267 | D:15     | Learned a level 6 spell: Statue Form
 27397 | Orc:1    | Entered Level 1 of the Orcish Mines
 27440 | Orc:1    | Found a dark tunnel.
 27526 | Volcano  | Entered a volcano
 27596 | Volcano  | Reached skill level 1 in Earth Magic
 27643 | Volcano  | Reached skill level 1 in Transmutations
 27765 | Orc:2    | Entered Level 2 of the Orcish Mines
 27785 | Orc:1    | Found a bloodstained altar of Trog.
 28328 | Orc:1    | Reached XP level 16. HP: 151/165 MP: 18/22
 28506 | Orc:2    | Found Omulanwy's Antique Weapon Shop.
 28536 | Orc:2    | Found Maixon's General Store.
 28675 | Orc:2    | Reached skill level 3 in Earth Magic
 28804 | Orc:2    | Found Caoxzy Waxos's Antique Armour Emporium.
 28835 | Orc:2    | Found a bloodstained altar of Trog.
 28896 | Orc:2    | Reached skill level 3 in Transmutations
 28909 | Orc:2    | Found Utor's Book Shoppe.
 28977 | Orc:2    | Found a staircase to the Elven Halls.
 29464 | Slime:3  | Noticed an acid blob
 29639 | Slime:1  | Killed an acid blob
 30276 | Slime:1  | Learned a level 4 spell: Passage of Golubria
 30503 | Slime:3  | Gained mutation: Your magical capacity is low. (-10% MP) [a
                  | shining eye]
 30519 | Slime:4  | Noticed an acid blob
 30727 | Slime:3  | Gained mutation: You occasionally shout uncontrollably at
                  | your foes. [a shining eye]
 30950 | Slime:3  | Killed an acid blob
 30990 | Slime:4  | Noticed an acid blob
 31001 | Slime:3  | Noticed an acid blob
 31011 | Slime:3  | Killed an acid blob
 31011 | Slime:3  | Reached skill level 6 in Earth Magic
 31034 | Slime:3  | Noticed an acid blob
 31044 | Slime:3  | Killed an acid blob
 31111 | Slime:3  | Blown up by an eye of devastation

Skill      XL: |  1  2  3  4  5  6  7  8  9 10 11 12 13 14 15 16 |
---------------+-------------------------------------------------+-----
Fighting       | 2 3 4 5 7 8 9 10 11 12 | 12.0
Unarmed Combat | 3 5 6 7 9 11 12 13 14 15 16 | 16.0
Evocations     | 5 9 10 | 10.0
Charms         | 2 |  2.0
Translocations | 3 5 |  5.1
Shields        | 4 9 |  9.0
Dodging        | 4 |  4.0
Armour         | 4 |  4.0
Earth Magic    | 2 6 |  6.5
Transmutations | 2 5 |  5.4
Spellcasting   | 2 |  2.0
Throwing       | |  0.8

Action                   |  1- 3 |  4- 6 |  7- 9 | 10-12 | 13-15 | 16-18 || total
-------------------------+-------+-------+-------+-------+-------+-------++-------
Melee: Unarmed           |    84 |   207 |   327 |   588 |  1492 |   369 ||  3067
       Punch             |     1 |     7 |     5 |    41 |    13 |       ||    67
Throw: Javelin           |       |       |       |     8 |     7 |       ||    15
 Cast: Shroud of Golubri |       |       |       |     6 |     8 |     5 ||    19
       Blink             |       |       |       |       |     9 |     1 ||    10
 Abil: Blink             |       |       |       |     4 |       |       ||     4
       Evoke Invisibilit |       |       |       |     8 |    10 |     6 ||    24
Evoke: Wand              |       |       |       |    62 |    55 |    17 ||   134
       Lamp of fire      |       |       |       |       |     4 |     1 ||     5
       Lightning rod     |       |       |       |       |    10 |       ||    10
  Use: Potion            |       |     3 |     1 |     8 |     1 |     1 ||    14
       Scroll            |       |       |     5 |    11 |    15 |     1 ||    32
 Stab: Paralysed         |       |       |       |    22 |    27 |    13 ||    62
       Sleeping          |       |       |       |     1 |       |       ||     1
       Invisible         |       |       |       |     4 |    14 |    20 ||    38
       Petrified         |       |       |       |       |     3 |       ||     3
  Eat: Chunk             |     8 |    31 |    35 |    92 |   107 |    10 ||   283
       Ration            |       |       |       |     2 |       |     5 ||     7
Armor: Robe              |    49 |    51 |    70 |   110 |    53 |       ||   333
       Animal skin       |       |       |       |       |    33 |     2 ||    35
       Troll leather arm |       |       |       |       |    58 |    22 ||    80
Dodge: Dodged            |    53 |    82 |   132 |   173 |   127 |    22 ||   589
Block: Other             |     9 |    31 |    45 |    64 |    23 |       ||   172
       Reflection        |       |     5 |     2 |     1 |    60 |    11 ||    79
       Shield            |       |       |       |       |  1361 |   342 ||  1703
